 Dungeon Crawl Stone Soup version 0.25.1-2-g60ff931df9 (webtiles) character file.

Game seed: 7362247025424708103

0 MajorAdolf the Gusty (level 1, -1/18 HPs)
             Began as a Naga Wanderer on Oct 9, 2020.
             Slain by a hobgoblin
             ... wielding a +0 club
              (3 damage)
             ... on level 1 of the Dungeon.
             The game lasted 00:00:37 (44 turns).

MajorAdolf the Gusty (Naga Wanderer)                  Turns: 44, Time: 00:00:38

Health: -1/18      AC:  1    Str: 16    XL:     1   Next: 10%
Magic:  1/1        EV:  9    Int: 12    God:
Gold:   0          SH:  0    Dex:  8    Spells: 0/0 levels left

rFire    . . .     SeeInvis +   (no weapon)
rCold    . . .     Gourm    .   (no shield)
rNeg     . . .     Faith    .   d - +0 robe
rPois    +         Spirit   .   (no helmet)
rElec    .         Reflect  .   (no cloak)
rCorr    .         Harm     .   (no gloves)
MR       .....                  (no barding)
Stlth    +.........             (no amulet)
HPRegen  0.06/turn              (no ring)
MPRegen  0.07/turn              (no ring)

@: very slow
A: large, see invisible, deformed body, poison resistance, slowness 2, slow
metabolism 1, spit poison 1, AC +0
a: Spit Poison


You were on level 1 of the Dungeon.
You were not hungry.

You visited 1 branch of the dungeon, and saw 1 of its levels.

Inventory:

Armour
 d - a +0 robe (worn)
Potions
 a - a potion of haste {unknown}
 b - a potion of degeneration {unknown}
 c - a potion of curing
Comestibles
 f - a ration


   Skills:
 + Level 1.1 Fighting
   Level 1.0 Maces & Flails
 - Level 1.0 Throwing
 - Level 1.0 Armour
 - Level 1.5 Stealth
   Level 2.0 Necromancy
   Level 3.0 Air Magic


You couldn't memorise any spells.
You didn't know any spells.
Your spell library contained the following spells:

 Spells                   Type           Power        Failure   Level  Hunger
 Animate Skeleton         Necr           N/A          14%         1    ##.....
 Pain                     Necr           #...         14%         1    ##.....
 Poisonous Vapours        Pois/Air       #.....       26%         2    ###....
 Swiftness                Chrm/Air       #.......     26%         2    ###....
 Vampiric Draining        Necr           #.........   41%         3    ####...
 Animate Dead             Necr           N/A          82%         4    #####..
 Agony                    Necr           #.......     99%         5    ######.


Dungeon Overview and Level Annotations

Branches:
Dungeon (1/15)

Altars:


Innate Abilities, Weirdness & Mutations

You cannot wear boots.
Your serpentine skin is tough. (AC +0)
You have supernaturally acute eyesight. (SInv)
Armour fits poorly on your strangely shaped body.
Your system is resistant to poisons. (rPois)
You cover ground very slowly.
You have a slow metabolism.
You can spit poison.


Message History

The splash of poison hits the hobgoblin but does no damage.
You feel slightly more hungry.
You have got your breath back.
The hobgoblin hits you with a +0 club.
Press: ? - help, Shift-Dir - straight line, f/p - hobgoblin
Aim: a hobgoblin, wielding a +0 club You fail to use your ability.
The hobgoblin hits you with a +0 club.
You closely miss the hobgoblin. The hobgoblin hits you with a +0 club.
The hobgoblin closely misses you. The hobgoblin hits you with a +0 club.
Press: ? - help, Shift-Dir - straight line, f/p - hobgoblin
Aim: a hobgoblin, wielding a +0 club The splash of poison misses the hobgoblin.
You feel slightly more hungry. The hobgoblin hits you with a +0 club.
* * * LOW HITPOINT WARNING * * *
The hobgoblin hits you with a +0 club.
* * * LOW HITPOINT WARNING * * *
You have got your breath back.
The hobgoblin hits you with a +0 club.
You die...

..#. .#. .. #
#.#######
#..#.#..).>######.
#.................
##%#.#.###.######
#....##g#####
........#@...#
#..#...$##.#.#.#
#..#.#.#####.#.###
#. #.#.# #.#...#
#. ....# #.###.###
#.......#
#####.#.######.#
#.#....)....
#....#####.


You could see a hobgoblin.

Vanquished Creatures
  A kobold (D:1)
1 creature vanquished.

Notes
Turn   | Place    | Note
-------+----------+-------------------------------------------
     0 | D:1      | MajorAdolf the Naga Wanderer began the quest for the Orb.
     0 | D:1      | MajorAdolf set off with the following items: a +0 club, a
                  | potion of curing, a +0 robe, a ration; and the following
                  | spells available to memorise: Animate Skeleton, Pain,
                  | Poisonous Vapours, Swiftness, Vampiric Draining, Animate
                  | Dead, Agony
     0 | D:1      | Reached XP level 1. HP: 18/18 MP: 1/1
    44 | D:1      | Slain by a hobgoblin

Illustrated notes

Levels and vault maps discovered:
D:1:      dpeg_arrival_houses_and_road, layout_loops_ring

Action                   || total
-------------------------++-------
Melee: Unarmed           ||     1
 Abil: Spit Poison       ||     3
Dodge: Dodged            ||     1
